 Dungeon Crawl Stone Soup version 0.25-a0-420-g1cc7eeb0d1 (webtiles) character file.

Game seed: 3020239741575141748, levelgen mode: deterministic

361 Nixze the Conjurer (level 6, 0/52 HPs)
             Began as a Draconian Conjurer on Jan 18, 2020.
             Slain by Grinder (6 damage)
             ... on level 3 of the Dungeon.
             The game lasted 00:07:59 (5048 turns).

Nixze the Conjurer (Draconian Conjurer)             Turns: 5048, Time: 00:08:00

Health: 0/52       AC:  9    Str: 11    XL:     6   Next: 38%
Magic:  0/9        EV: 12    Int: 17    God:
Gold:   180        SH:  4    Dex: 11    Spells: 6/9 levels left

rFire    . . .     SeeInvis .   c - +1 club
rCold    . . .     Gourm    .   e - +0 buckler
rNeg     . . .     Faith    .   (armour unavailable)
rPois    .         Spirit   .   (helmet restricted)
rElec    .         Reflect  .   (no cloak)
rCorr    .         Harm     .   (no gloves)
MR       .....                  g - +0 pair of boots
Stlth    ++........             (no amulet)
HPRegen  0.17/turn              r - +2 ring of protection
MPRegen  0.11/turn              (no ring)

@: very slightly contaminated
A: unfitting armour, cold-blooded, AC +6
a: no special abilities


You were on level 3 of the Dungeon.
You were not hungry.

You visited 1 branch of the dungeon, and saw 3 of its levels.
You also visited: Sewer.

You collected 180 gold pieces.

Inventory:

Hand Weapons
 c - a +1 club (weapon)
Missiles
 o - 7 poisoned darts (quivered)
Armour
 e - a +0 buckler (worn)
 g - a +0 pair of boots (worn)
Jewellery
 r - a +2 ring of protection (left hand)
Scrolls
 d - 2 scrolls of identify
 f - 2 scrolls of fog
 h - a scroll of blinking {unknown}
 i - a scroll of remove curse
 k - a scroll of teleportation
 l - a scroll of enchant weapon
 m - 2 scrolls of noise
Potions
 a - 2 potions of heal wounds {unknown}
 j - 2 potions of curing
 n - 3 potions of degeneration {unknown}
 p - a potion of resistance {unknown}
 s - a potion of might {unknown}
Comestibles
 b - 5 rations
 q - 3 chunks of flesh


   Skills:
 + Level 3.9 Fighting
 - Level 1.7 Dodging
 - Level 1.7 Stealth
 + Level 3.1 Shields
 + Level 2.2 Spellcasting
 + Level 5.5 Conjurations


You had 6 spell levels left.
You knew the following spells:

 Your Spells              Type           Power        Failure   Level  Hunger
a - Magic Dart            Conj           ###.         2%          1    #......
b - Searing Ray           Conj           ###...       3%          2    ###....

Your spell library contained the following spells:

 Spells                   Type           Power        Failure   Level  Hunger
 Dazzling Flash           Conj/Hex       ##....       21%         3    ###....
 Fulminant Prism          Conj/Hex       ##........   54%         4    #####..
 Iskenderun's Mystic Bla  Conj/Tloc      ##......     54%         4    #####..


Dungeon Overview and Level Annotations

Branches:
Dungeon (3/15)              Sewer (visited)

Altars:
Cheibriados

Annotations:
D:3 Grinder


Innate Abilities, Weirdness & Mutations

Your plain brown scales are hard. (AC +6)
You cannot fit into any form of body armour.
You are cold-blooded and may be slowed by cold attacks.


Message History

Grinder is severely wounded.
Grinder hits you.
You writhe in agony.
You hit Grinder. You tail-slap Grinder.
Grinder is severely wounded.
Grinder gestures at you. Pain shoots through your body!
Grinder gestures at you. Pain shoots through your body!
* * * LOW HITPOINT WARNING * * *
Casting: Magic Dart (safe; 2% risk of failure)
Confirm with . or Enter, or press ? or * to list all spells.
Aiming: Magic Dart (safe; 2% risk of failure)
Press: ? - help, Shift-Dir - straight line, f/p - Grinder
Aim: Grinder (severely wounded)
The magic dart hits Grinder but does no damage.
Grinder is severely wounded.
Grinder hits you.
* * * LOW HITPOINT WARNING * * *
You writhe in agony.
You die...

##.## #.......# #.#
#####.###* #.#
#...,,# ##'##
#..#*.# ##...##
#..#*.# ##.....##
#..##.# #.......##
##.....#
.........####...#..#
.........'......@..#
.........####...#5##
#.......## ##.##.#
##.....## *###*.#
##.>.## *,,,,.#
*##### *,***##
**8**********,*
8,,,8**,,,,**,*
,,,,,**,,*,**,*


You could see Grinder.

Vanquished Creatures
  3 big kobolds (Sewer)
  4 river rats (Sewer)
  3 adders
  4 oozes
  3 worms
  2 dart slugs (D:2)
  3 leopard geckos
  An orc (D:3)
  5 ball pythons
  2 giant cockroaches
  9 goblins
  8 hobgoblins
  2 jackals (D:1)
  10 kobolds
  2 quokkas
  5 bats
  3 frilled lizards
  A jackal zombie (D:2)
  12 rats
82 creatures vanquished.

Notes
Turn   | Place    | Note
-------+----------+-------------------------------------------
     0 | D:1      | Nixze the Draconian Conjurer began the quest for the Orb.
     0 | D:1      | Reached XP level 1. HP: 14/14 MP: 3/3
   173 | D:1      | Reached skill level 1 in Fighting
   275 | D:1      | Reached XP level 2. HP: 20/23 MP: 0/5
  1154 | D:1      | Reached XP level 3. HP: 29/29 MP: 3/6
  1367 | D:1      | Reached skill level 1 in Shields
  2059 | D:2      | Learned a level 2 spell: Searing Ray
  2203 | D:2      | Found a snail-covered altar of Cheibriados.
  2293 | D:2      | Found a faded altar of an unknown god.
  2913 | D:3      | Reached XP level 4. HP: 34/37 MP: 1/7
  2954 | D:3      | Found a glowing drain.
  2971 | Sewer    | Entered a sewer
  3341 | Sewer    | Noticed a big kobold
  3366 | Sewer    | Killed a big kobold
  3366 | Sewer    | Reached skill level 5 in Conjurations
  3366 | Sewer    | Reached XP level 5. HP: 30/45 MP: 0/8
  4177 | Sewer    | Reached XP level 6. HP: 47/52 MP: 0/9
  5030 | D:3      | Noticed Grinder
  5042 | D:3      | Paralysed by Grinder for 4 turns
  5048 | D:3      | Slain by Grinder

Levels and vault maps discovered:
D:1:      ebering_trefoil_twist, layout_basic, minivault_26
D:2:      layout_basic, chequers_ecumenical_altar_twisty, kennysheep_slug_shrine
D:3:      layout_loops_corners, nicolae_overflow_hidden_temple, first_ration,
          portal_sewer_entry_d, uniq_grinder

Skill      XL: |  1  2  3  4  5 |
---------------+----------------+-----
Fighting       | 1 2 3 |  3.9
Shields        | 1 2 3 |  3.1
Conjurations   | 5 |  5.5
Dodging        | |  1.7
Stealth        | |  1.7
Spellcasting   | |  2.2

Action                   |  1- 3 |  4- 6 || total
-------------------------+-------+-------++-------
Melee: Unarmed           |     4 |       ||     4
       Club              |    22 |    63 ||    85
       Tailslap          |     4 |     6 ||    10
 Cast: Magic Dart        |   107 |   120 ||   227
       Searing Ray       |       |     1 ||     1
  Use: Scroll            |     8 |       ||     8
  Eat: Chunk             |     8 |     9 ||    17
Armor: Skin              |     9 |    29 ||    38
Dodge: Dodged            |    21 |    49 ||    70
Block: Buckler           |     6 |    19 ||    25

Table legend:
 A = Non-vault XP
 B = Vault XP
 C = Vault XP percentage of total XP
 D = Non-vault monster count
 E = Vault monster count
 F = Vault count percentage of total count
                 A         B        C        D         E       F
            +---------+---------+-------+---------+---------+-------
      Total |     112 |     404 |  78.3 |      52 |      30 |  36.6
            +---------+---------+-------+---------+---------+-------
        D:1 |      50 |       0 |   0.0 |      24 |       0 |   0.0
        D:2 |      33 |       4 |  10.8 |      16 |       1 |   5.9
        D:3 |      29 |      13 |  31.0 |      12 |       1 |   7.7
      Sewer |       0 |     387 | 100.0 |       0 |      28 | 100.0
            +---------+---------+-------+---------+---------+-------
